Map: Dusk Towers

Players

MorN

  • Race: Terran Terran
  • League: Master

Chaos - Winner!

  • Race: Terran Terran
  • League: Master

VOD

Have the link to the VOD?

Description

Time

  • Played on: Nov. 23, 2015, 8 p.m.
  • Length: 9:28
Show
View Real Time Build Order
Export as new Build Order

MorN Terran 

Build Orders: Reaper Expand 

Get SALT Encoding   

  12  0:00  SCV  
  13  0:13  SCV  
  14  0:18  Supply Depot  
  14  0:25  SCV  
  15  0:40  SCV, Barracks  
  16  0:48  Refinery  
  16  0:52  SCV  
  17  1:04  SCV  
  18  1:16  SCV  
  19  1:28  Orbital Command  
  19  1:32  Reaper  
  20  1:42  Command Center  
  20  1:56  Supply Depot  
  20  2:00  SCV  
  21  2:04  Reaper  
  22  2:12  SCV  
  23  2:26  Refinery  
  23  2:29  Factory  
  22  2:30  SCV  
  23  2:42  SCV  
  24  2:47  Barracks Reactor  
  23  2:54  SCV  
  24  2:59  Orbital Command  
  24  3:06  SCV  
  25  3:15  Starport  
  25  3:16  Factory Tech Lab  
  25  3:19  SCV  
  26  3:25  Marine x2  
  28  3:27  Command Center  
  28  3:31  SCV  
  28  3:33  SCV  
  29  3:36  Siege Tank  
  32  3:43  SCV  
  32  3:45  SCV, Marine x2  
  36  3:53  Engineering Bay  
  36  3:56  Viking  
  36  4:00  SCV x2  
  40  4:06  Supply Depot, Marine  
  40  4:07  Marine  
  42  4:13  SCV x2  
  44  4:26  Marine x2  
  44  4:27  Cyclone  
  49  4:31  SCV  
  49  4:36  Starport Reactor  
  51  4:38  SCV  
  51  4:39  Starport Tech Lab  
  51  4:40  Orbital Command  
  51  4:43  SCV  
  51  4:44  Terran Infantry Weapons Level 1, Missile Turret  
  52  4:47  Refinery, Marine  
  52  4:48  Marine  
  52  4:50  SCV  
  50  5:05  SCV  
  48  5:12  SCV  
  48  5:13  Marine x2  
  51  5:15  Siege Tank  
  54  5:22  SCV  
  54  5:25  SCV  
  54  5:28  Banshee  
  59  5:29  SCV  
  59  5:31  Marine  
  59  5:32  Marine  
  58  5:45  SCV  
  58  5:49  Barracks x2  
  59  5:54  Siege Tank  
  60  6:00  Supply Depot, SCV  
  61  6:28  Supply Depot  
  61  6:40  Starport Reactor  
  61  6:48  Stimpack  
  61  6:50  SCV x3  
  64  6:56  Marine  
  64  7:00  Barracks Reactor  
  65  7:02  SCV x3  
  65  7:07  Missile Turret  
  65  7:08  Siege Tank, Refinery  
  68  7:12  Terran Infantry Armor Level 1  
  68  7:13  Missile Turret  
  68  7:14  SCV  
  69  7:19  Supply Depot x2, Barracks  
  69  7:20  Supply Depot, Barracks  
  69  7:21  Supply Depot  
  69  7:31  Orbital Command  
  69  7:35  Sensor Tower  
  69  7:38  Sensor Tower  
  69  7:40  SCV x2, Medivac x2, Marine x3  
  69  7:41  Marine x2  
  69  7:42  Siege Tank  
  83  7:52  SCV x2  
  83  7:58  Armory, Engineering Bay, Marine x2  
  86  7:59  SCV  
  86  8:02  Supply Depot, Marine x3  
  86  8:05  SCV x2  
  93  8:09  Barracks Reactor x2  
  93  8:12  SCV  
  94  8:16  Marine x2  
  94  8:17  SCV x2  
  98  8:23  Marine x3  
  101  8:28  SCV  
  101  8:29  SCV  
  101  8:30  SCV, Refinery  
  101  8:34  Supply Depot x2, Marine  
  106  8:35  Supply Depot  
  106  8:36  Supply Depot  
  106  8:38  Siege Tank  
  109  8:46  Supply Depot  
  109  8:50  Supply Depot  
  109  8:51  SCV  
  109  8:55  SCV x2, Marine x6  
  117  9:01  Marine x3  
  120  9:03  SCV  
  86  9:27  Barracks x2  
Show
View Real Time Build Order
Export as new Build Order

Chaos Terran - Winner!

Build Orders: Bio Tank, MMM Bio 

Get SALT Encoding   

  12  0:00  SCV  
  13  0:12  SCV  
  14  0:18  Supply Depot  
  14  0:25  SCV  
  15  0:39  SCV  
  15  0:40  Barracks  
  16  0:45  Refinery  
  16  0:51  SCV  
  17  1:03  SCV  
  18  1:15  SCV  
  19  1:28  Barracks Reactor  
  19  1:29  Orbital Command  
  19  1:45  Command Center  
  19  1:54  Supply Depot  
  19  1:56  SCV  
  20  2:07  Marine x2  
  20  2:08  SCV  
  22  2:16  Factory  
  22  2:20  SCV  
  23  2:24  Marine x2  
  25  2:33  SCV  
  26  2:38  Refinery  
  26  2:45  SCV  
  26  2:46  Marine x2  
  29  2:57  SCV  
  30  3:00  Orbital Command  
  30  3:01  Starport  
  30  3:04  Factory Tech Lab  
  30  3:09  SCV, Marine  
  30  3:10  Marine  
  33  3:23  SCV  
  33  3:24  Siege Tank  
  33  3:25  SCV  
  38  3:28  Marine  
  38  3:29  Marine  
  40  3:35  SCV  
  40  3:37  SCV  
  40  3:38  Supply Depot  
  42  3:41  Medivac  
  42  3:47  SCV  
  45  3:49  SCV  
  45  3:51  Supply Depot  
  46  4:00  Marine x2  
  46  4:02  Siege Tank  
  51  4:03  SCV x2  
  51  4:08  Supply Depot  
  53  4:18  SCV x2  
  53  4:19  Marine x2  
  53  4:21  Medivac  
  53  4:23  Supply Depot  
  59  4:30  SCV x2  
  61  4:34  Engineering Bay  
  61  4:39  Marine x2  
  61  4:42  SCV x2  
  61  4:43  Refinery  
  65  4:46  Refinery  
  65  4:54  SCV x2  
  67  5:06  SCV x2  
  69  5:12  Marine x2  
  69  5:13  Viking, Siege Tank  
  66  5:18  SCV  
  67  5:21  Barracks  
  67  5:23  Barracks  
  66  5:32  SCV x2  
  68  5:38  Marine x2  
  70  5:46  SCV  
  70  5:47  Command Center, SCV  
  70  5:49  Siege Tank  
  75  5:51  Starport Reactor  
  75  6:04  Marine x2  
  69  6:18  Barracks Tech Lab x2  
  69  6:21  SCV x2  
  68  6:25  Missile Turret  
  68  6:26  Missile Turret  
  68  6:32  Marine x2  
  70  6:33  SCV x2  
  70  6:36  Terran Infantry Weapons Level 1  
  70  6:37  Barracks x2  
  70  6:38  Engineering Bay  
  69  6:40  Missile Turret  
  69  6:44  Missile Turret  
  66  6:51  SCV  
  66  6:52  SCV, Marine x2  
  66  6:53  Marauder x2  
  74  6:54  Siege Tank  
  74  6:55  Stimpack  
  74  6:59  Orbital Command  
  77  7:10  Bunker  
  77  7:11  Marine x2  
  77  7:12  Medivac  
  77  7:14  Bunker  
  81  7:17  Marauder x2  
  81  7:20  Combat Shields  
  85  7:25  Supply Depot, Barracks Reactor  
  85  7:26  Barracks Reactor  
  85  7:29  Supply Depot  
  85  7:30  Siege Tank  
  85  7:35  Factory  
  85  7:36  Marine x2  
  90  7:38  SCV x3  
  90  7:41  Supply Depot  
  93  7:44  Supply Depot  
  93  7:50  SCV  
  93  7:51  Armory, Medivac x2  
  94  7:54  Refinery  
  94  7:55  Supply Depot, Refinery  
  98  7:58  Sensor Tower  
  98  8:03  SCV x2, Marine x3  
  98  8:05  Sensor Tower  
  103  8:09  Marine x2  
  103  8:10  Marine  
  103  8:11  Marauder x2  
  110  8:15  Supply Depot  
  110  8:24  SCV x2, Supply Depot  
  110  8:25  Supply Depot, Marine x2  
  110  8:26  Siege Tank  
  117  8:27  Factory Tech Lab  
  117  8:28  Medivac x2  
  117  8:31  Marine x3  
  124  8:40  Supply Depot  
  124  8:44  Concussive Shells  
  124  8:48  Command Center  
  124  8:51  Marine x6  
Tags
 
Composition
Bio TankMMM Bio
Matchup
TvT
Race
Terran
Replay Pack
MorN pack 2
Add a new tag
Caveats
  • Supply blocks, unpowered buildings, or Contaminate may cause inaccurate times.
  • Supply counts are checked every 10 seconds.